AoeStats
← shh_haw

Arabia

510600037Analyzed
1v1 RM · 18h ago on Oct 1, 2026· 46m 13s· 2 players
Game mode
Random Map
Map size
Tiny (2 player)
Population
200
Speed
Normal
Resources
Standard
Victory
Conquest
Starting age
Dark Age
Ending age
Imperial Age
RankedLock teamsTeams togetherTeam positionsShared explorationLock speedFull tech treeHidden civsTurbo modeCheats
Victory
Defeat
🇺🇸 Goths · United States
1472
+17
🇧🇪 Britons · Belgium
1494
-17
shh_haw
1:59 Loom
9:08 Feudal Age
9:17 Man-at-Arms
13:52 Double-Bit Axe
14:24 Horse Collar
17:11 Fletching
21:47 Castle Age
20:12 Stone Mining
21:06 Scale Mail Armor
21:17 Forging
22:35 Bodkin Arrow
22:03 Elite Skirmisher
22:53 Squires
24:17 Squires
24:36 Bow Saw
25:06 Pikeman
27:39 Chain Mail Armor
29:28 Padded Archer Armor
32:32 Town Watch
33:34 Ballistics
33:53 Long Swordsman
35:25 Leather Archer Armor
34:41 Crossbowman
40:19 Imperial Age
39:59 Heavy Plow
40:35 Wheelbarrow
42:22 Chemistry
42:05 Bracer
41:51 Two-Handed Swordsman
44:02 Masonry
45:55 Champion
[Argus] Nonkel Pipetios
6:20 Loom
9:14 Feudal Age
10:17 Double-Bit Axe
13:33 Town Watch
15:08 Fletching
21:24 Castle Age
20:16 Padded Archer Armor
21:38 Gold Mining
23:23 Wheelbarrow
23:18 Bodkin Arrow
24:34 Crossbowman
27:11 Ballistics
27:16 Bow Saw
28:41 Man-at-Arms
29:45 Scale Mail Armor
29:39 Long Swordsman
30:38 Gambesons
34:31 Chain Mail Armor
34:28 Squires
40:05 Imperial Age
38:26 Forging
37:58 Horse Collar
40:22 Two-Handed Swordsman
41:28 Bracer
42:31 Arbalester
43:52 Hand Cart
Connection lost

Rejoining the realm…

Still unreachable

The connection could not be restored.

Session expired

The server has moved on; the page needs a fresh start.